AoeStats
← Knoppix

Arabia

504682789Analyzed
1v1 RM · 27d ago on Sep 6, 2026· 34m 13s· 2 players
Game mode
Random Map
Map size
Tiny (2 player)
Population
200
Speed
Normal
Resources
Standard
Victory
Conquest
Starting age
Dark Age
Ending age
Imperial Age
RankedLock teamsTeams togetherTeam positionsShared explorationLock speedFull tech treeHidden civsTurbo modeCheats
Victory
Defeat
🇧🇷 Cumans · Brazil
805
+15
🇩🇪 Vietnamese · Germany
793
-15
Knoppix
2:58 Loom
13:09 Feudal Age
13:51 Double-Bit Axe
15:10 Fletching
16:05 Padded Archer Armor
18:54 Bloodlines
18:31 Horse Collar
28:44 Castle Age
27:04 Gold Mining
29:10 Wheelbarrow
29:33 Thumb Ring
29:52 Leather Archer Armor
29:48 Crossbowman
29:53 Elite Skirmisher
30:58 Husbandry
32:52 Bow Saw
33:11 Bodkin Arrow
paulo.monteiro986
5:36 Loom
10:30 Feudal Age
12:43 Wheelbarrow
18:16 Double-Bit Axe
22:29 Forging
27:47 Castle Age
25:56 Horse Collar
28:31 Scale Barding Armor
29:16 Iron Casting
29:43 Hand Cart
29:24 Elite Skirmisher
30:15 Bow Saw
30:08 Heavy Plow
30:02 Gold Mining
30:53 Bloodlines
34:14 Gold Shaft Mining
33:30 Stone Mining
Connection lost

Rejoining the realm…

Still unreachable

The connection could not be restored.

Session expired

The server has moved on; the page needs a fresh start.